AoeStats
← jphilkill

Arena

506854903Analyzed
4v4 RM · 18d ago on Sep 15, 2026· 45m 21s· 8 players
Game mode
Random Map
Map size
Large (8 player)
Population
200
Speed
Normal
Resources
Standard
Victory
Conquest
Starting age
Dark Age
Ending age
Imperial Age
RankedLock teamsTeams togetherTeam positionsShared explorationLock speedFull tech treeHidden civsTurbo modeCheats
Victory
Defeat
🇩🇿 Slavs · Algeria
1043
+15
🇩🇪 Saracens · Germany
970
+18
🇲🇽 Jurchens · Mexico
959
+19
🇩🇪 Franks · Germany
934
+20
🇯🇵 Persians · Japan
1080
-21
🇹🇭 Slavs · Thailand
1050
-19
🇹🇼 Khitans · Taiwan
986
-17
🇮🇳 Turks · India
951
-15
一直嬉皮笑臉
12:13 Feudal Age
13:56 Double-Bit Axe
14:11 Domestication
14:34 Loom
17:49 Castle Age
16:21 Stone Mining
18:21 Wheelbarrow
22:37 Bow Saw
25:44 Pikeman
26:25 Squires
Owen Knight
13:11 Feudal Age
18:30 Castle Age
22:04 Double-Bit Axe
25:21 Imperial Age
28:36 Elite Janissary
DelaRocha
11:24 Feudal Age
12:56 Loom
16:08 Castle Age
14:41 Double-Bit Axe
14:41 Horse Collar
17:44 Bow Saw
18:30 Wheelbarrow
24:37 Town Watch
26:46 Heavy Plow
30:09 Imperial Age
28:01 Scale Barding Armor
28:07 Forging
28:31 Caravan
29:26 Ballistics
29:29 Chain Barding Armor
29:13 Gold Mining
29:17 Stone Mining
30:24 Iron Casting
30:00 Cavalier
31:36 Plate Barding Armor
31:50 Husbandry
32:01 Bloodlines
32:53 Blast Furnace
32:41 Fletching
33:41 Pikeman
33:43 Savar
34:26 Scale Mail Armor
35:14 Coinage
36:02 Two-Man Saw
37:27 Crop Rotation
37:37 Chain Mail Armor
36:55 Halberdier
38:30 Conscription
41:59 Plate Mail Armor
41:26 Bodkin Arrow
41:33 Padded Archer Armor
46:00 Gold Shaft Mining
46:01 Stone Shaft Mining
SB 打碎小粉紅
9:22 Loom
11:30 Feudal Age
13:22 Wheelbarrow
13:14 Double-Bit Axe
14:07 Horse Collar
17:06 Castle Age
14:57 Gold Mining
18:28 Hand Cart
19:31 Bow Saw
19:48 Heavy Plow
30:38 Imperial Age
27:55 Town Watch
28:03 Stone Mining
28:50 Gold Shaft Mining
28:20 Scale Mail Armor
27:55 Pikeman
29:21 Chain Mail Armor
29:11 Squires
30:34 Forging
31:42 Conscription
32:58 Two-Man Saw
31:28 Halberdier
33:07 Plate Mail Armor
33:20 Man-at-Arms
34:15 Bloodlines
34:06 Husbandry
33:27 Light Cavalry
34:55 Crop Rotation
34:32 Long Swordsman
35:46 Two-Handed Swordsman
36:42 Hussar
37:30 Druzhina
39:14 Iron Casting
38:40 Champion
40:57 Hoardings
43:51 Capped Ram
I Chris I4718
10:59 Feudal Age
17:04 Castle Age
15:21 Double-Bit Axe
15:20 Horse Collar
27:15 Scale Barding Armor
27:21 Forging
27:42 Bow Saw
28:37 Chain Barding Armor
29:33 Bloodlines
29:24 Husbandry
30:12 Wheelbarrow
29:23 Loom
30:19 Iron Casting
34:25 Imperial Age
35:50 Conscription
36:51 Two-Man Saw
35:57 Heavy Plow
38:36 Chemistry
37:45 Siege Engineers
38:54 Plate Barding Armor
39:20 Blast Furnace
37:48 Heavy Camel Rider
42:38 Light Cavalry
44:01 Hussar
jphilkill
1:31 Loom
12:47 Feudal Age
17:50 Castle Age
16:42 Double-Bit Axe
21:34 Stone Mining
21:36 Gold Mining
22:45 Bow Saw
22:53 Scale Mail Armor
26:46 Forging
28:00 Wheelbarrow
33:30 Iron Casting
34:25 Fletching
34:37 Padded Archer Armor
35:07 Pikeman
35:49 Squires
40:08 Gold Shaft Mining
43:53 Imperial Age
43:18 Chain Mail Armor
43:09 Scale Barding Armor
43:35 Hand Cart
45:03 Conscription
ayoubDZtv
11:12 Feudal Age
14:57 Castle Age
13:12 Double-Bit Axe
13:18 Horse Collar
16:27 Bow Saw
16:48 Loom
18:30 Heavy Plow
23:56 Scale Barding Armor
24:09 Forging
24:20 Bloodlines
24:33 Husbandry
25:12 Chain Barding Armor
31:22 Wheelbarrow
30:33 Town Watch
31:42 Iron Casting
32:52 Hand Cart
33:26 Man-at-Arms
34:10 Scale Mail Armor
35:10 Chain Mail Armor
37:26 Imperial Age
35:44 Caravan
37:38 Long Swordsman
39:21 Blast Furnace
38:51 Plate Mail Armor
38:38 Two-Handed Swordsman
39:42 Ballistics
40:22 Chemistry
39:33 Masonry
39:46 Siege Engineers
40:39 Champion
42:34 Conscription
43:00 Ballistics
42:31 Fletching
43:18 Squires
45:28 Bodkin Arrow
NWGHOST7888
7:38 Loom
10:37 Feudal Age
15:20 Castle Age
14:28 Double-Bit Axe
15:55 Stone Mining
24:16 Wheelbarrow
26:18 Gold Mining
28:01 Gold Shaft Mining
27:14 Horse Collar
28:00 Masonry
28:23 Fortified Wall
29:00 Hand Cart
31:10 Siege Engineers
31:27 Ballistics
36:14 Heavy Plow
41:18 Imperial Age
40:51 Fletching
44:59 Bow Saw
45:25 Crop Rotation
46:00 Chemistry
Connection lost

Rejoining the realm…

Still unreachable

The connection could not be restored.

Session expired

The server has moved on; the page needs a fresh start.